 Dungeon Crawl Stone Soup version 0.20.1-1-g8b1a95d (webtiles) character file.

42 Sandy the Sneak (level 3, 0/15 HPs)
             Began as a Felid Artificer on Aug 30, 2017.
             Slain by a kobold
             ... wielding a +0 short sword
              (6 damage)
             ... on level 5 of the Dungeon.
             The game lasted 00:04:27 (754 turns).

Sandy the Sneak (Felid Artificer)                    Turns: 754, Time: 00:04:28

Health: 0/15       AC:  1    Str:  9    XL:     3   Next: 35%
Magic:  15/15      EV: 18    Int: 12    God:
Gold:   47         SH:  0    Dex: 16    Spells: 2/2 levels left
                                        Lives:  0   Deaths: 0

rFire    . . .     SeeInvis +     - Unarmed
rCold    . . .     Gourm    .   (shield unavailable)
rNeg     . . .     Faith    .   (armour unavailable)
rPois    .         Spirit   .   (helmet unavailable)
rElec    .         Reflect  .   (cloak unavailable)
rCorr    .         Harm     .   (gloves unavailable)
MR       .....                  (boots unavailable)
Stlth    +++.......             (no amulet)
Regen    0.1/turn               e - ring of magical power (curse)
MPRegen  0.2/turn               (no ring)

@: quick
A: no armour, no weapons or thrown items, stealth, claws 1, fangs 3, see
invisible, carnivore 3, speed 1, shaggy fur 1, slow metabolism 1, sharp paws
a: no special abilities


You were on level 5 of the Dungeon.
You were very full.

You visited 1 branch of the dungeon, and saw 4 of its levels.

You collected 47 gold pieces.

Inventory:

Jewellery
 e - a cursed ring of magical power (left paw)
Wands
 a - a wand of flame (12/48)
 b - a wand of enslavement (15/24)
 c - a wand of random effects (15/48)
Potions
 g - 2 potions of brilliance {unknown}
 h - a potion of might {unknown}
Comestibles
 d - a meat ration
 f - a royal jelly


   Skills:
 - Level 1.0 Fighting
 - Level 2.6 Dodging
 + Level 3.4 Stealth
 + Level 2.4 Unarmed Combat
 - Level 3.2 Evocations


You had 2 spell levels left.
You didn't know any spells.

Dungeon Overview and Level Annotations

Branches:
Dungeon (3/15)

Altars:
Elyvilon


Innate Abilities, Weirdness & Mutations

You cannot wear armour.
You are incapable of wielding weapons or throwing items.
Your paws allow you to move quietly. (Stealth)
You have sharp claws.
You have razor-sharp teeth.
You have supernaturally acute eyesight. (SInv)
You are carnivorous and can eat meat at any time.
You cover ground quickly.
You are covered in fur. (AC +1)
You have a slow metabolism.
Your sharp claws are effective at attacking unaware monsters.


Message History

You barely miss the kobold.
The kobold is moderately wounded.
The kobold closely misses you.
You claw the kobold!
You kill the kobold!
The kobold hits you with a short sword.
You scratch the kobold but do no damage.
The kobold misses you.
You barely miss the kobold. You closely miss the kobold.
The kobold closely misses you.
You barely miss the kobold. The kobold closely misses you.
You closely miss the kobold. The kobold hits you with a short sword.
You scratch the kobold but do no damage.
The kobold completely misses you.
You scratch the kobold but do no damage.
Your bite misses the kobold. The kobold closely misses you.
You scratch the kobold.
The kobold is moderately wounded.
The kobold hits you with a short sword.
You die...

.## ..##
#..# ###♣..#
###P....#
##.)P.P).#
#.....#K.#
#.PKP.♣#K##
♣.P.♣.###@##
....♣P#
##..##
...♣P#
♣....# .♣ ♣#
#PP.#.#
♣.##(#.# ..♣
#.#.## ♣.♣.
#.#..# ♣P #
..##.# #
.##..#


You could see 2 kobolds.

Vanquished Creatures
  Crazy Yiuf (D:3)
  A giant cockroach (D:2)
  A goblin (D:3)
  2 jackals (D:1)
  2 quokkas
  7 kobolds
  A leopard gecko zombie (D:5)
15 creatures vanquished.

Notes
Turn   | Place    | Note
-------+----------+-------------------------------------------
     0 | D:1      | Sandy the Felid Artificer began the quest for the Orb.
     0 | D:1      | Reached XP level 1. HP: 9/9 MP: 4/4
   437 | D:3      | Found a runed door.
   441 | D:3      | Noticed Crazy Yiuf
   444 | D:3      | Killed Crazy Yiuf
   444 | D:3      | Reached XP level 2. HP: 12/12 MP: 5/5
   444 | D:3      | Reached XP level 3. HP: 15/15 MP: 6/6
   617 | D:3      | You fall through a shaft for 2 floors!
   617 | D:5      | Entered Level 5 of the Dungeon
   619 | D:5      | Found a white marble altar of Elyvilon.
   639 | D:5      | Noticed an ogre
   754 | D:5      | Slain by a kobold

Skill      XL: |  1 |
---------------+----+-----
Stealth        | 3 |  3.4
Unarmed Combat | 2 |  2.4
Fighting       | |  1.0
Dodging        | |  2.6
Evocations     | |  3.2

Action                   || total
-------------------------++-------
Melee: Unarmed           ||    74
       Bite              ||     6
Evoke: Wand              ||     3
 Stab: Sleeping          ||     2
  Eat: Chunk             ||     6
Armor: Skin              ||     1
Dodge: Dodged            ||    58
